 Dungeon Sprint DCSS version 0.27-a0-1191-g601b473118 (webtiles) character file.

Game seed: 4345224429370175483

298 Zeld the Cleaver (level 6, -13/55 HPs)
             Began as a Minotaur Berserker on May 24, 2021.
             Was a Believer of Trog.
             Mangled by Sonja
             ... wielding a +2 dagger of distortion
              (19 damage)
             ... in the Dungeon (Sprint I: "Red Sonja").
             The game lasted 00:00:54 (910 turns).

Zeld the Cleaver (Minotaur Berserker)                Turns: 910, Time: 00:00:55

Health: -13/55     AC:  3    Str: 30    XL:     6   Next: 13%
Magic:  5/5        EV: 12    Int:  4    God:    Trog [**....]
Gold:   302        SH:  0    Dex:  9    Spells: 5/5 levels left

rFire    . . .     SeeInvis .   a - +0 hand axe
rCold    . . .     Faith    .   (no shield)
rNeg     . . .     Spirit   .   i - +0 leather armour
rPois    .         Reflect  .   (helmet restricted)
rElec    .         Harm     .   (no cloak)
rCorr    .         Rampage  .   (no gloves)
Will     .....     NoTele   +   (no boots)
Stlth    +.........             (no amulet)
HPRegen  0.18/turn              j - +6 ring of strength
MPRegen  0.09/turn              (no ring)

@: no status effects
A: horns 2, retaliatory headbutt
a: Renounce Religion, Berserk, Trog's Hand


You were in the Dungeon.
You worshipped Trog.
Trog was pleased with you.
You visited 1 branch You collected 302 gold pieces.

Inventory:

Hand Weapons
 a - a +0 hand axe (weapon)
Armour
 i - a +0 leather armour (worn)
Jewellery
 j - a +6 ring of strength (left hand)
Wands
 b - a wand of polymorph (8)
Scrolls
 h - a scroll of blinking
Potions
 c - a potion of curing
 e - a potion of haste
 f - 2 potions of magic
 g - a potion of berserk rage


   Skills:
 * Level 4.9 Fighting
 - Level 14.0 Axes
 - Level 2.4 Armour
 * Level 3.7 Dodging
 * Level 2.2 Evocations


You had 5 spell levels left.
You didn't know any spells.
Your spell library was empty.

Dungeon Overview and Level Annotations

Branches:
Dungeon (1/1)

Altars:
Sif Muna
Vehumet
Wu Jian

Annotations:
D Sonja


Innate Abilities, Weirdness & Mutations

You have a pair of horns on your head.
You reflexively headbutt those who attack you in melee.


Message History

There is an open door here.
You now have 194 gold pieces (gained 27).
You now have 221 gold pieces (gained 27).
You now have 248 gold pieces (gained 27).
You now have 275 gold pieces (gained 27).
You now have 302 gold pieces (gained 27).
Okay, then.
There is an open door here.
There is a radiant altar of Vehumet here.
You open the door.
Sonja, the Graceful Assassin comes into view.
She is wielding a +2 dagger of distortion, quivering curare-tipped darts and carrying a wand of flame (28).
Sonja shouts!
Found 54 gold pieces.
Aiming: Polymorph
Press: ? - help, Shift-Dir - straight line, f - Sonja
Aim: Sonja, wielding a +2 dagger of distortion, quivering curare-tipped darts and carrying a wand of flame (28) (will become a basilisk, a blink frog, or an acid dragon, chance to affect: 62%) Sonja resists with significant effort.
Aiming: Polymorph
Press: ? - help, Shift-Dir - straight line, f/p - Sonja
Aim: Sonja, wielding a +2 dagger of distortion, quivering curare-tipped darts and carrying a wand of flame (28) (will become a basilisk, a blink frog, or an acid dragon, chance to affect: 62%) Sonja resists with significant effort.
Sonja hits you with a +2 dagger of distortion.
Space warps horribly around you!
Sonja hits you with a +2 dagger of distortion. x2
* * * LOW HITPOINT WARNING * * *
Unknown command.
Press < or > to pray at altars.
You feel much better.
Sonja hits you with a +2 dagger of distortion.
Space bends around you. Sonja completely misses you.
Sonja hits you with a +2 dagger of distortion.
Sonja hits you with a +2 dagger of distortion!
Space bends around you.
Sonja hits you with a +2 dagger of distortion.
Space bends around you.
* * * LOW HITPOINT WARNING * * *
Sonja hits you with a +2 dagger of distortion.
* * * LOW HITPOINT WARNING * * *
Space warps horribly around you!!
You die...

################
#<.#..)..#.)'..#
#..)..#..'..#..+
#..#####'#####'#
#..# #..#...#.#
#..# ####..##.#
#..# ##'#_.+
#⌠⌠# +..._# ####
#@.#'# ##K#)#
.### .$ .$# .##
+#


You could see Sonja.

Vanquished Creatures
  Sigmund (D)
  An ogre (D)
  A jelly (D)
  Ijyb (D)
4 creatures vanquished.

Notes
Turn   | Place    | Note
-------+----------+-------------------------------------------
     0 | D        | Zeld the Minotaur Berserker began the quest for the Orb.
     0 | D        | Reached XP level 1. HP: 19/19 MP: 0/0
     8 | D        | Noticed Ijyb
    16 | D        | Killed Ijyb
    17 | D        | Reached skill level 7 in Axes
    17 | D        | Reached XP level 2. HP: 14/26 MP: 1/1
   384 | D        | Noticed an ogre
   388 | D        | Killed an ogre
   389 | D        | Reached skill level 11 in Axes
   389 | D        | Reached XP level 3. HP: 31/31 MP: 2/2
   389 | D        | Reached XP level 4. HP: 39/39 MP: 3/3
   553 | D        | Noticed Sigmund
   559 | D        | Killed Sigmund
   559 | D        | Reached ** piety under Trog
   560 | D        | Reached skill level 14 in Axes
   560 | D        | Reached skill level 1 in Evocations
   560 | D        | Reached XP level 5. HP: 34/47 MP: 4/4
   560 | D        | Reached XP level 6. HP: 39/53 MP: 5/5
   722 | D        | Found an ornate altar of the Wu Jian Council.
   722 | D        | Found a shimmering blue altar of Sif Muna.
   724 | D        | Found a radiant altar of Vehumet.
   907 | D        | Noticed Sonja
   910 | D        | Mangled by Sonja

Illustrated notes

Levels and vault maps discovered:
D:        dungeon_sprint_1 [red_sonja_temple_1, red_sonja_temple_small_1]

Skill      XL: |  1  2  3  4  5  6 |
---------------+-------------------+-----
Axes           | 7 11 14 | 14.0
Fighting       | 4 |  4.9
Dodging        | 3 |  3.7
Evocations     | 1 2 |  2.2
Armour         | |  2.4

Action                   |  1- 3 |  4- 6 || total
-------------------------+-------+-------++-------
Melee: Hand axe          |    10 |     9 ||    19
       Headbutt          |     1 |     2 ||     3
Invok: Berserk           |     2 |     2 ||     4
Evoke: Wand              |       |     2 ||     2
  Use: Potion            |       |     1 ||     1
Dodge: Dodged            |       |     3 ||     3

Table legend: (Time is in decaauts)
 A = Elapsed time spent in this place.
 B = Non-inter-level travel time spent in this place.
 C = Inter-level travel time spent in this place.
 D = Time resting spent in this place.
 E = Time spent auto-exploring this place.
 F = Levels seen in this place.
 G = Mean time per level.
                   A        B        C        D        E       F      G
               +--------+--------+--------+--------+--------+-----+--------+
         Total |    939 |    939 |      0 |    835 |      0 |   1 |  939.0 |
       Dungeon |    939 |    939 |      0 |    835 |      0 |   1 |  939.0 |
               +--------+--------+--------+--------+--------+-----+--------+

Top non-repeatable levels by time:
       D: 939 daAuts
